Description

All credits to PiG.

VOD

https://www.youtube.com/watch?time_continue=2430&v=EuEa82570Gc

Build Order

Get SALT Encoding   

  13  0:13  Overlord  
  17  0:54  Hatchery  
  17  0:59  Extractor  
  17  1:17  Spawning Pool  
  19  1:41  Overlord  
  19  2:00  Drone  
  20  2:04  Metabolic Boost, Queen  
  22  2:07  Queen  
  24  2:10  Zergling  
  32  2:50  Baneling Nest  
  32  3:00  Hatchery  
  32  3:05  Overlord  
  34  3:25  Zergling x10  
    4:15  Extractor, Roach Warren  
    4:45  Lair, Extractor, Evolution Chamber  Later if aggression, more units instead
Spawning Tool Build Advisor. Get it on Overwolf

Go to:

Details

  • Created by: Hexayum
  • Published on: Mar 25, 2017
  • Modified on: Mar 25, 2017
  • Patch: 3.8.0
Show
View Real Time Build Order
Export as new Build Order

Comments (0)

There are no comments. Be the first!

Create an account to comment!